 Dungeon Crawl Stone Soup version 0.23-a0-402-g64599a1 (webtiles) character file.

367104 iamserjio the Warrior (level 22, -19/165 (169) HPs)
             Began as an Octopode Wanderer on Nov 4, 2018.
             Was the Champion of Hepliaklqana.
             Killed from afar by a black draconian (52 damage)
             ... with a bolt of lightning
             ... on level 5 of the Depths.
             The game lasted 03:38:05 (70589 turns).

iamserjio the Warrior (Octopode Wanderer)          Turns: 70589, Time: 03:38:06

HP:   -19/165 (169) AC:  1    Str: 27    XL:     22   Next: 58%
MP:   17/36         EV: 39    Int: 24    God:    Hepliaklqana [******]
Gold: 2553          SH: 22    Dex: 38    Spells: 1/42 levels left

rFire    + + .     SeeInvis .   N - +6 morningstar (protect)
rCold    + + .     Gourm    +   F - +5 shield {rF+}
rNeg     + . .     Faith    .   Y - +2 hat {Int+3}
rPois    +         Spirit   .   p - amulet of Hathyg {Gourm Fragile rF+ Dex+8}
rElec    .         Reflect  .   q - ring of the Twelve Deaths {+Fly MR+}
rCorr    .         Harm     .   t - ring of Satisfaction {*Corrode +Fly Int+2 Dex+9}
MR       +++..                  I - ring "Nelexzer" {*Drain Str+9 Dex+3 Stlth+}
Stlth    ++++++....             s - ring "Rorypik" {Str+3 Int+3}
HPRegen  0.37/turn              x - +4 ring of evasion
MPRegen  0.25/turn              o - ring of positive energy
                                L - ring of poison resistance
                                X - ring "Hetoi" {rC+ Dex+2}

@: lethally poisoned (-19 -> -46), corroded, very slightly contaminated, slowed,
very slow
A: almost no armour, stealthy swim, amphibious, 8 rings, constrict 8, reduced
essence, tentacle spike 2, slimy green scales 1, camouflage 1, cold resistance
1, magic resistance 1, robust 1, gelatinous body 1
}: 2/15 runes: decaying, gossamer
a: Recall Ancestor, Ancestor Identity, Transference, Idealise, Renounce
Religion, Evoke Flight


You were on level 5 of the Depths.
You worshipped Hepliaklqana.
Hepliaklqana was exalted by your worship.
You were full.

You visited 8 branches of the dungeon, and saw 40 of its levels.
You visited 1 bazaar.
You also visited: Labyrinth and Ice Cave.

You collected 5349 gold pieces.
You spent 2796 gold pieces at shops.

Inventory:

Hand Weapons
 N - a +6 morningstar of protection (weapon)
 P - a +3 morningstar of holy wrath
 R - a +1 eveningstar of crushing
Missiles
 h - 5 throwing nets (quivered) {!f}
Armour
 F - a +5 shield of fire resistance (worn)
 V - the +2 shield of Resistance {rF+ rC+ MR+}
   (You found it on level 2 of the Depths)

   It protects you from fire.
   It protects you from cold.
   It affects your resistance to hostile enchantments.
 Y - a +2 hat of intelligence (worn)
Jewellery
 l - the ring "Wam Ynk" {rElec rPois rF+ MR- Dex+4}
   (You found it in a labyrinth)

   [ring of protection from fire]

   It affects your dexterity (+4).
   It protects you from fire.
   It insulates you from electricity.
   It protects you from poison.
   It affects your resistance to hostile enchantments.
 o - a ring of positive energy (on tentacle)
 p - the amulet of Hathyg (around mantle) {Gourm Fragile rF+ Dex+8}
   (You took it off a deep elf elementalist on level 3 of the Elven Halls)

   [amulet of the gourmand]

   It allows you to eat raw meat even when not hungry.
   It affects your dexterity (+8).
   It protects you from fire.
   It will be destroyed if unequipped.
 q - the ring of the Twelve Deaths (left tentacle) {+Fly MR+}
   (You found it on level 2 of the Depths)

   [ring of protection from magic]

   It affects your resistance to hostile enchantments.
   It lets you fly.
 s - the ring "Rorypik" (on tentacle) {Str+3 Int+3}
   (You acquired it on level 1 of the Orcish Mines)

   [ring of strength]

   It affects your strength (+3).
   It affects your intelligence (+3).
 t - the ring of Satisfaction (right tentacle) {*Corrode +Fly Int+2 Dex+9}
   (You bought it in a shop on level 12 of the Dungeon)

   [ring of intelligence]

   It affects your intelligence (+2).
   It affects your dexterity (+9).
   It lets you fly.
   It may corrode you when you take damage.
 x - a +4 ring of evasion (on tentacle)
 I - the ring "Nelexzer" (on tentacle) {*Drain Str+9 Dex+3 Stlth+}
   (You took it off a deep elf annihilator on level 3 of the Elven Halls)

   [ring of dexterity]

   It affects your strength (+9).
   It affects your dexterity (+3).
   It causes draining when unequipped.
   It makes you more stealthy.
 L - a ring of poison resistance (on tentacle)
 Q - an uncursed ring of see invisible
 S - an uncursed ring of protection from fire
 W - the ring "Enled" {-Tele rPois MR+ AC+4 Str+2}
   (You acquired it on level 4 of the Depths)

   [ring of protection]

   It affects your AC (+4).
   It affects your strength (+2).
   It protects you from poison.
   It affects your resistance to hostile enchantments.
   It prevents most forms of teleportation.
 X - the ring "Hetoi" (on tentacle) {rC+ Dex+2}
   (You found it in an ice cave)

   [ring of protection from cold]

   It affects your dexterity (+2).
   It protects you from cold.
 Z - an uncursed ring of wizardry
Wands
 b - a wand of iceblast (17)
 e - a wand of enslavement (16)
 k - a wand of acid (8)
 u - a wand of digging (20)
 T - a wand of paralysis (23)
Scrolls
 d - 7 scrolls of teleportation
 i - 4 scrolls of magic mapping
 m - 2 scrolls of fog
 r - 3 scrolls of fear
 z - 4 scrolls of identify {@r1}
 D - a scroll of silence
 K - 2 scrolls of holy word
 O - a scroll of summoning
Potions
 a - 8 potions of curing {@q1}
 c - 8 potions of might
 f - 4 potions of haste
 y - 6 potions of magic
 A - 8 potions of brilliance
 B - a potion of mutation
 C - a potion of cancellation
 G - 4 potions of ambrosia
 J - 4 potions of heal wounds
 M - 5 potions of agility
 U - a potion of resistance
Miscellaneous
 j - a lightning rod (4/4)
 n - a box of beasts
 v - a lamp of fire
 w - a phial of floods
 E - a phantom mirror
 H - a fan of gales
Comestibles
 g - 45 rations


   Skills:
 * Level 19.5 Fighting
 + Level 14.7 Maces & Flails
 - Level 1.0 Throwing
 + Level 16.6 Dodging
 - Level 2.6 Stealth
 - Level 15.0 Shields
 - Level 2.0 Unarmed Combat
 + Level 10.9 Spellcasting
 - Level 5.0 Hexes
 - Level 5.0 Charms
 + Level 10.2 Summonings
 - Level 4.0 Necromancy
 - Level 4.0 Translocations
 - Level 7.0 Air Magic
 - Level 4.0 Invocations
 - Level 12.0 Evocations


You had one spell level left.
You knew the following spells:

 Your Spells              Type           Power        Failure   Level  Hunger
a - Passage of Golubria   Tloc           N/A          10%         4    None
b - Summon Lightning Spi  Summ/Air       ######..     1%          4    None
c - Animate Dead          Necr           N/A          9%          4    None
d - Animate Skeleton      Necr           N/A          1%          1    None
e - Silence               Hex/Air        #####.....   11%         5    ####...
f - Regeneration          Chrm/Necr      ####......   2%          3    None
g - Summon Forest         Summ/Tloc      #####.....   7%          5    ####...
h - Blink                 Tloc           N/A          1%          2    None
i - Aura of Abjuration    Summ           ######....   1%          5    ####...
j - Swiftness             Chrm/Air       #####...     1%          2    None
k - Shadow Creatures      Summ           N/A          11%         6    #####..

Your spell library contained the following spells:

 Spells                   Type           Power        Failure   Level  Hunger
 Apportation              Tloc           ####..       1%          1    None
 Confusing Touch          Hex            #####.       1%          1    None
 Corona                   Hex            #####..      1%          1    None
 Pain                     Necr           ####         1%          1    None
 Shock                    Conj/Air       ####         1%          1    None
 Summon Small Mammal      Summ           ####         1%          1    None
 Magic Dart               Conj           ##..         4%          1    None
 Sting                    Conj/Pois      ##..         4%          1    None
 Call Imp                 Summ           ######..     1%          2    None
 Corpse Rot               Necr           N/A          1%          2    None
 Poisonous Vapours        Pois/Air       ####..       1%          2    None
 Shroud of Golubria       Chrm/Tloc      ####......   1%          2    None
 Slow                     Hex            #####...     1%          2    None
 Sublimation of Blood     Necr           ####......   1%          2    None
 Call Canine Familiar     Summ           ######..     1%          3    None
 Confuse                  Hex            #####...     1%          3    None
 Recall                   Summ/Tloc      N/A          1%          3    None
 Summon Guardian Golem    Hex/Summ       #####...     1%          3    None
 Tukima's Dance           Hex            #####...     1%          3    None
 Summon Demon             Summ           ######....   1%          5    ####...
 Ensorcelled Hibernation  Hex/Ice        ####..       2%          2    None
 Gell's Gravitas          Tloc           ####......   2%          3    None
 Lesser Beckoning         Tloc           ####......   2%          3    None
 Portal Projectile        Hex/Tloc       ####..       2%          3    None
 Teleport Other           Tloc           ####....     2%          3    None
 Vampiric Draining        Necr           ####......   2%          3    None
 Airstrike                Air            #####.....   2%          4    None
 Static Discharge         Conj/Air       ####....     3%          3    None
 Dazzling Spray           Conj/Hex       ####..       4%          3    None
 Inner Flame              Hex/Fire       ####....     4%          3    None
 Mephitic Cloud           Conj/Pois/Air  ###.....     5%          3    None
 Cause Fear               Hex            #####.....   6%          4    None
 Summon Ice Beast         Ice/Summ       #####...     6%          4    None
 Summon Mana Viper        Hex/Summ       #####...     6%          5    ####...
 Searing Ray              Conj           ##....       8%          2    None
 Ignite Poison            Fire/Tmut/Pois ##......     14%         3    None
 Fulminant Prism          Conj/Hex       ####......   17%         4    None
 Leda's Liquefaction      Hex/Erth       ####......   17%         4    None
 Force Lance              Conj/Tloc      ###.....     22%         4    None
 Agony                    Necr           ####....     26%         5    ####...
 Dispel Undead            Necr           ####....     26%         5    ####...
 Lightning Bolt           Conj/Air       ####......   32%         5    ####...
 Iskenderun's Mystic Bla  Conj           ##......     43%         4    None
 Olgreb's Toxic Radiance  Pois           ##......     43%         4    None
 Petrify                  Tmut/Erth      ##......     43%         4    None
 Metabolic Englaciation   Hex/Ice        ####......   43%         5    ####...
 Yara's Violent Unravell  Hex/Tmut       ####......   43%         5    ####...
 Borgnjor's Vile Clutch   Necr/Erth      ###.......   50%         5    ####...
 Deflect Missiles         Chrm/Air       #####.....   52%         6    #####..
 Darkness                 Hex            #####.....   67%         6    #####..
 Alistair's Intoxication  Tmut/Pois      ##......     80%         5    ####...
 Bolt of Magma            Conj/Fire/Erth ##........   80%         5    ####...
 Fireball                 Conj/Fire      ##........   80%         5    ####...
 Irradiate                Conj/Tmut      ##........   80%         5    ####...
 Venom Bolt               Conj/Pois      ##........   80%         5    ####...
 Death Channel            Necr           ####......   80%         6    #####..
 Dispersal                Tloc           ####......   82%         6    #####..
 Conjure Ball Lightning   Conj/Air       ####......   87%         6    #####..
 Simulacrum               Ice/Necr       ###.......   97%         6    #####..
 Bolt of Fire             Conj/Fire      ##........   100%        6    #####..
 Hydra Form               Tmut           ##........   100%        6    #####..
 Statue Form              Tmut/Erth      ##.......    100%        6    #####..
 Dragon Form              Tmut           ##........   100%        7    #######
 Ring of Flames           Chrm/Fire      ####......   100%        7    #######
 Controlled Blink         Tloc           N/A          100%        8    #######
 Discord                  Hex            #####.....   100%        8    #######
 Disjunction              Tloc           ####......   100%        8    #######
 Ignition                 Fire           ##........   100%        8    #######
 Tornado                  Air            #####.....   100%        9    #######


Dungeon Overview and Level Annotations

Branches:
Dungeon (15/15)            Temple (1/1) D:6            Lair (6/6) D:9
  Swamp (4/4) Lair:3       Spider (4/4) Lair:4        Slime (0/5) Lair:5
    Orc (2/2) D:10            Elf (3/3) Orc:2        Vaults (0/5) D:14
 Depths (5/5) D:15
    Zot: Depths:5

Altars:
Ashenzari
Cheibriados
Dithmenos
Elyvilon
Fedhas
Gozag
Hepliaklqana
Kikubaaqudgha
Makhleb
Nemelex Xobeh
Okawaru
Qazlal
Ru
Sif Muna
Trog
Uskayaw
Vehumet
Wu Jian
Xom
Yredelemnul
Zin
The Shining One
Beogh
Jiyva
Lugonu

Shops:
D:12 =   D:13 [   Orc:2 *[(=   Elf:3 ==}   Depths:1 (:(   Depths:5 ?

Portals:
Hell: Depths:1 Depths:2 Depths:3 Depths:4
Abyss: Depths:2 Depths:3 Depths:4
Pandemonium: Depths:3 Depths:4
Ziggurat: Depths:3

Annotations:
Spider:3 1 runed door, Kirum's ghost, adept NaWn
Depths:1 3 runed doors, Zaemn's ghost, veteran GnEE


Innate Abilities, Weirdness & Mutations

You cannot wear most types of armour.
You are very stealthy in the water. (Stealth+)
You are amphibious.
You can wear up to eight rings at the same time.
You can use your tentacles to constrict eight enemies at once.
Your skin changes colour to match your surroundings (Stealth+).
Your rubbery body absorbs attacks. (AC +1, EV +1)
Your life essence is reduced to manifest your ancestor. (-10% HP)
One of your tentacles bears a nasty spike.
You are partially covered in slimy green scales. (AC +2)
Your flesh is cold resistant. (rC+)
You are resistant to hostile enchantments. (MR+)
You are robust. (+10% HP)


Message History

Qazlal smites you!
* * * LOW HITPOINT WARNING * * *
Your yaktaur zombie hits the wind drake.
Your storm dragon zombie bites the black draconian but does no damage.
Your storm dragon zombie claws the black draconian!
Your storm dragon zombie closely misses the black draconian.
Your fire dragon skeleton bites the death drake but does no damage.
Your fire dragon skeleton barely misses the death drake.
Your fire dragon skeleton tramples the death drake!
Fried hits the wind drake with a broad axe of flaming!!
Fried burns the wind drake.
Fried barely misses the black draconian.
The death drake breathes miasma at you. The foul vapour misses you.
The wind drake bites your storm dragon zombie but does no damage.
The black draconian breathes lightning at you.
The bolt of lightning hits your storm dragon zombie.
The bolt of lightning hits your ugly thing zombie.
The bolt of lightning hits you!
You die...

..............##.#..#
...........(..#.....#
....d........#......#
....................##
#.............##...≈.#####.
......Z..)§≈.###[..≈.......
...d.kRZ..§§§.##.≈≈(≈......
....kdZZ.§§§§....[≈<..##..
...=q§Z.§§@§§(≈≈..(...#
....§k§§§§§§§§≈(......#♣#♣#
.....≈≈≈§≈.≈≈..((........#.
.≈≈≈≈≈≈≈≈≈(≈...(...........
......≈≈≈≈.................
......≈≈≈≈≈≈...............
.....≈≈≈..(........"......
..................(......
....................


You could see the friendly Fried the knight, a black draconian, a yellow
draconian, a purple draconian, a yellow draconian stormcaller, a death drake, a
wind drake, a rime drake, a friendly storm dragon zombie, 2 friendly ugly thing
zombies, a friendly yaktaur zombie and a friendly fire dragon skeleton.

Vanquished Creatures
  An ancient lich (Depths:3)
  Sojobo (Depths:3)
  A greater mummy (Depths:4)
  the Lernaean hydra (Swamp:4)
  Margery (Depths:2)
  Nikola (Elf:3)
  Arachne (Spider:4)
  A deep elf blademaster (Elf:3)
  The ghost of Ves Hask the Cleaver, an adept GnBe of Trog (Spider:4)
  2 liches
  A deep elf master archer (Elf:3)
  The ghost of Zuproetha the Fencer, an adept DsWn of Okawaru (Spider:1)
  Kirke (Lair:5)
  2 storm dragons
  3 tengu reavers
  A shadow dragon (Depths:4)
  A thorn hunter (Swamp:2)
  3 fire giants
  4 frost giants
  An orc warlord (Orc:2)
  4 deep elf sorcerers
  The ghost of melvinkitnick the Severer, a journeyman DDFi of Makhleb (Orc:1)
  4 ghost moths
  4 emperor scorpions
  Louise (Elf:3)
  A caustic shrike zombie (Depths:4)
  7 stone giants
  4 deep elf elementalists (Elf:3)
  An entropy weaver (Spider:3)
  2 war gargoyles (Depths:3)
  12 very ugly things
  2 vampire knights
  2 deep elf demonologists (Elf:3)
  Azrael (D:14)
  A minotaur (Lab)
  3 spark wasps
  7 deep elf annihilators (Elf:3)
  2 dire elephants (Lair:6)
  2 crystal guardians (Depths:3)
  7 deep elf death magi
  6 ettins
  Josephine (D:11)
  7 fire dragons
  4 deep elf high priests (Elf:3)
  2 jiangshi (Depths:4)
  Erolcha (D:10)
  2 yaktaur captains
  A rakshasa (Depths:2)
  3 ice dragons
  4 centaur warriors
  7 hydras
  3 vault guards
  2 spriggan air magi (Depths:2)
  A shambling mangrove (Swamp:1)
  An anaconda (Lair:6)
  The ghost of Thaneod the Devastator, a journeyman DEIE of Vehumet (D:11)
  3 ogre magi
  2 catoblepae
  10 two-headed ogres
  4 deep troll shamans
  5 alligators
  3 deep troll earth magi
  A vampire mage (Depths:4)
  The ghost of XanderDroid the Thaumaturge, a novice GnWz of Ashenzari (D:9)
  17 dancing weapons
  A spriggan berserker (Depths:3)
  7 tengu warriors
  7 deep elf knights
  A storm dragon zombie (Depths:4)
  7 hell knights
  2 iron trolls
  An unseen horror (D:13)
  4 wizards
  6 swamp dragons
  A golden dragon zombie (Depths:4)
  2 spark wasp zombies (Depths:4)
  2 glowing orange brains (Depths:2)
  8 deep trolls
  9 necromancers
  7 deep elf archers
  4 phantasmal warriors
  7 orb spiders
  A frost giant zombie (Depths:4)
  An orb spider (shapeshifter) (D:13)
  32 deep elf magi
  An oklob plant (Lair:2)
  24 ugly things
  14 wolf spiders
  2 wolf spider zombies
  A manticore (D:13)
  4 orc sorcerers
  A moth of wrath (Spider:4)
  3 cyclopes
  14 elephants
  A guardian serpent (Elf:2)
  2 black mambas
  An elephant (shapeshifter) (Elf:2)
  A centaur zombie (D:15)
  2 torpor snails
  3 naga magi (D:15)
  Joseph (D:9)
  5 gargoyles
  2 centaur skeletons
  13 spiny frogs
  An efreet (D:14)
  6 demonic crawlers
  A rime drake (Lair:2)
  11 yaktaurs
  3 guardian mummies (Depths:4)
  A redback zombie (D:15)
  4 komodo dragons
  19 jumping spiders
  5 tengu conjurers
  A queen bee (Lair:2)
  A polar bear (Lair:6)
  4 trolls
  A meliai (shapeshifter) (Depths:2)
  7 slime creatures
  8 tyrant leeches
  16 hornets
  5 hippogriffs
  5 bog bodies
  23 blink frogs
  A slime creature (shapeshifter) (Depths:3)
  4 centaur simulacra
  A meliai zombie (D:15)
  4 air elementals
  3 wyverns
  9 spriggans
  A vampire (D:14)
  5 wraiths
  12 water elementals
  2 shadows
  16 tarantellas
  47 redbacks
  6 fire elementals
  26 yaks
  5 large abominations
  A hungry ghost (D:9)
  A hog (Lair:5)
  5 basilisks
  A steam dragon (Lair:2)
  6 vampire mosquitoes
  The ghost of Garbasso the Insei, an amateur DsTm (D:3)
  A chaos spawn (Depths:4)
  7 swamp worms
  8 insubstantial wisps
  2 wargs
  2 acid dragons (D:14)
  5 water moccasins
  5 hell hounds (D:14)
  5 porcupines
  4 black bears
  9 swamp drakes
  2 sky beasts (D:11)
  25 orc warriors
  8 ice beasts
  5 necrophages
  14 ogres
  A phantom (D:9)
  24 wolves
  18 centaurs
  10 crocodiles
  3 elf zombies
  21 bullfrogs
  3 big kobolds
  3 earth elementals
  A wyvern zombie (D:14)
  A wyvern skeleton (D:6)
  4 scorpions
  8 small abominations (Depths:4)
  25 killer bees
  9 wights
  5 electric eels
  A spectral bullfrog (D:11)
  6 howler monkeys
  6 crimson imps
  3 bullfrog zombies
  A wyvern simulacrum (D:12)
  9 hounds
  A quasit (D:13)
  3 jellies
  17 orc wizards
  18 orc priests
  Jessica (D:2)
  Terence (D:2)
  Natasha (thrice) (D:2)
  2 iguanas
  9 worker ants
  A killer bee zombie (D:5)
  6 mummies (Depths:4)
  2 hound zombies (D:8)
  A hound skeleton (D:9)
  3 gnolls (D:11)
  14 adders
  A river rat (Lair:2)
  4 shadow imps
  A white imp (Depths:4)
  An ooze (D:2)
  An adder zombie (D:5)
  2 adder skeletons
  6 worms
  4 dart slugs (D:1)
  5 leopard geckos
  67 orcs
  A ball python (D:2)
  6 bats
  A giant cockroach (D:1)
  4 goblins
  6 hobgoblins
  5 quokkas
  6 frilled lizards
  19 kobolds
  3 rats (D:3)
  2 crawling corpses (Elf:3)
  3 plants
1167 creatures vanquished.

Vanquished Creatures (collateral kills)
  A juggernaut (Depths:5)
  A golden dragon (Depths:2)
  A bone dragon (Depths:5)
  Rupert (D:15)
  A fire giant (Depths:2)
  A storm dragon (Depths:5)
  An orc warlord (Orc:1)
  A ghost moth (Spider:4)
  4 frost giants
  5 emperor scorpions
  A deep elf elementalist (Elf:3)
  5 very ugly things
  2 stone giants
  A vampire knight (Depths:3)
  An entropy weaver (Spider:2)
  3 deep elf annihilators (Elf:3)
  A dire elephant (Lair:6)
  A merfolk javelineer (Depths:3)
  A quicksilver dragon zombie (Depths:4)
  A deep elf death mage (Elf:3)
  An ettin (Orc:1)
  A great orb of eyes (Depths:4)
  A jiangshi (Depths:4)
  3 yaktaur captains
  3 deep elf high priests (Elf:3)
  2 fire dragons
  5 vault guards
  Harold (D:10)
  An ice dragon (Depths:1)
  11 hydras
  4 shambling mangroves
  6 two-headed ogres
  A death knight (D:11)
  2 alligators
  2 centaur warriors
  6 dancing weapons
  2 tengu warriors
  2 deep troll shamans (Depths:4)
  2 deep troll earth magi
  A vampire mage (Depths:4)
  An ogre mage (Depths:3)
  A death yak (Lair:3)
  An orc high priest (Orc:2)
  A spriggan berserker (Depths:3)
  A hell knight (Depths:2)
  5 deep elf knights
  2 iron trolls
  2 unseen horrors
  A deep elf archer (Elf:3)
  5 swamp dragons
  8 deep trolls
  A flayed ghost (Depths:4)
  A phantasmal warrior (D:11)
  A deep elf mage (Elf:2)
  A wolf spider zombie (D:14)
  4 oklob plants (Lair:2)
  A necromancer (Elf:1)
  7 ugly things
  6 wolf spiders
  A cyclops (D:11)
  8 orb spiders
  3 ice statues (IceCv)
  2 black mambas
  A naga mage (D:15)
  5 elephants
  2 torpor snails
  A spiny frog (Lair:2)
  A centaur skeleton (D:15)
  4 demonic crawlers
  3 rime drakes
  A freezing wraith (D:14)
  2 komodo dragons
  9 yaktaurs
  2 trolls
  16 jumping spiders
  A polar bear (Lair:4)
  8 hornets
  5 tyrant leeches
  5 slime creatures
  8 blink frogs
  A meliai zombie (D:15)
  3 hippogriffs
  2 large abominations
  8 tarantellas
  24 redbacks
  A shadow (Swamp:3)
  An air elemental (Depths:3)
  A wraith (D:12)
  4 spriggans
  5 water elementals
  16 yaks
  A wyvern (shapeshifter) (Depths:2)
  A basilisk (Lair:3)
  2 wyverns (Lair:2)
  A vampire mosquito (Swamp:4)
  A hog (Lair:5)
  A steam dragon (Lair:2)
  A chaos spawn (Depths:4)
  2 wargs
  2 insubstantial wisps
  2 swamp worms
  5 water moccasins
  2 acid dragons (D:15)
  2 porcupines
  A spectral hornet (D:11)
  13 orc warriors
  6 swamp drakes
  A black bear (D:11)
  3 sky beasts
  An ice beast (IceCv)
  A phantom (D:14)
  8 wolves
  4 ogres
  2 centaurs
  2 crocodiles
  2 elf zombies
  2 bullfrogs
  A scorpion (D:11)
  2 hornet simulacra
  19 killer bees
  3 wights
  A howler monkey (D:12)
  An electric eel (Spider:4)
  2 spectral centaurs (D:11)
  A centaur zombie (D:8)
  A wyvern simulacrum (D:11)
  A hound (D:7)
  5 orc wizards
  A bullfrog skeleton (D:12)
  3 orc priests
  A jelly (D:9)
  A mummy (Depths:4)
  A gnoll (D:11)
  2 adders
  A white imp (D:12)
  An adder zombie (D:8)
  29 orcs
  A goblin (D:10)
  3 kobolds
  2 plants (Depths:3)
447 creatures vanquished.

Vanquished Creatures (others)
  Jory (Depths:5)
  An orb spider (Spider:2)
  A hornet (Swamp:2)
  2 humans (Lair:5)
  A killer bee (Lair:2)
  38 knights
  2 ancestors
  An orc (Orc:2)
  42 bushes (Depths:5)
  11 fungi
  40 plants
  6 snaplasher vines
  2 withered plants (Spider:4)
148 creatures vanquished.

Grand Total: 1762 creatures vanquished

Notes
Turn   | Place    | Note
-------+----------+-------------------------------------------
     0 | D:1      | iamserjio the Octopode Wanderer began the quest for the
                  | Orb.
     0 | D:1      | iamserjio set off with the following items: a scroll of
                  | blinking, a potion of heal wounds, a potion of curing
                  | {@q1}, a scroll of teleportation, a +0 club, a +0 dagger, a
                  | ration
     0 | D:1      | Reached XP level 1. HP: 18/18 MP: 1/1
   100 | D:1      | Reached skill level 1 in Dodging
   156 | D:1      | Reached XP level 2. HP: 16/24 MP: 2/2
  1115 | D:1      | Reached XP level 3. HP: 23/29 MP: 3/3
  1230 | D:1      | You fall through a shaft!
  1543 | D:2      | Found a faded altar of an unknown god.
  1566 | D:2      | Noticed Jessica
  1576 | D:2      | Killed Jessica
  1576 | D:2      | Reached skill level 1 in Maces & Flails
  1576 | D:2      | Reached XP level 4. HP: 21/35 MP: 4/4
  2330 | D:2      | Noticed Terence
  2343 | D:2      | Killed Terence
  2343 | D:2      | Reached XP level 5. HP: 14/39 MP: 5/5
  2652 | D:2      | Noticed Natasha
  2661 | D:2      | Killed Natasha
  2838 | D:2      | Found a faded altar of an unknown god.
  3216 | D:2      | Noticed Natasha
  3224 | D:2      | Killed Natasha
  3336 | D:2      | Found a faded altar of an unknown god.
  3579 | D:2      | Noticed Natasha
  3598 | D:2      | Killed Natasha
  3650 | D:3      | Reached skill level 5 in Dodging
  3683 | D:3      | Reached XP level 6. HP: 27/45 MP: 6/6
  3810 | D:3      | Found a runed gate.
  3811 | D:3      | Found a runed gate.
  3812 | D:3      | Found a runed gate.
  3813 | D:3      | Found a roughly hewn altar of Beogh.
  3813 | D:3      | Noticed Garbasso's ghost (amateur DsTm)
  4141 | D:3      | HP: 1/45 [centaur (7)]
  4147 | D:3      | Gained mutation: Your system is resistant to poisons.
                  | (rPois) [potion of mutation]
  4147 | D:3      | Gained mutation: You are partially covered in slimy green
                  | scales. (AC +2) [potion of mutation]
  4147 | D:3      | Gained mutation: You evolve. [potion of mutation]
  4529 | D:4      | Found a shadowy altar of Dithmenos.
  5437 | D:5      | Entered Level 5 of the Dungeon
  5844 | D:5      | Reached skill level 1 in Evocations
  5875 | D:5      | Reached XP level 7. HP: 38/50 MP: 7/7
  6433 | D:5      | Found a radiant altar of Vehumet.
  6503 | D:5      | Lost mutation: Your system is resistant to poisons. (rPois)
                  | [evolution]
  7356 | D:6      | Found a staircase to the Ecumenical Temple.
  7649 | D:5      | Reached XP level 8. HP: 40/57 MP: 9/9
  7832 | Temple   | Entered the Ecumenical Temple
  7943 | Temple   | Became a worshipper of Hepliaklqana the Forgotten
  8197 | D:6      | Reached skill level 6 in Fighting
  9238 | D:7      | Reached * piety under Hepliaklqana
  9282 | D:7      | Found a white marble altar of Elyvilon.
  9746 | D:7      | Reached XP level 9. HP: 48/56 MP: 10/10
  9757 | D:7      | Reached skill level 7 in Fighting
  9775 | D:7      | Found a blossoming altar of Fedhas.
  9781 | D:7      | Found a stormy altar of Qazlal.
  9808 | D:7      | Found a hide-covered altar of Uskayaw.
 10216 | D:8      | Found a shimmering altar of Xom.
 10422 | D:7      | Gained mutation: You are robust. (+10% HP) [evolution]
 10667 | D:8      | Reached skill level 8 in Fighting
 11181 | D:8      | Reached ** piety under Hepliaklqana
 11182 | D:8      | Remembered your ancestor Fried as a knight
 11203 | D:8      | Reached skill level 1 in Invocations
 11214 | D:8      | Reached skill level 9 in Fighting
 11308 | D:8      | Gained mutation: Your flesh is cold resistant. (rC+)
                  | [evolution]
 12100 | D:9      | Reached XP level 10. HP: 35/73 MP: 11/11
 12102 | D:9      | Reached skill level 5 in Maces & Flails
 12721 | D:9      | Reached skill level 10 in Dodging
 12728 | D:9      | Noticed Joseph
 12839 | D:9      | HP: 3/73 [yak (12)]
 13253 | D:9      | Found a staircase to the Lair.
 13550 | D:9      | Reached skill level 10 in Fighting
 13737 | D:9      | Found a runed door.
 13737 | D:9      | Noticed a two-headed ogre
 13737 | D:9      | Noticed XanderDroid's ghost (novice GnWz)
 13858 | D:9      | Found a shadowy altar of Dithmenos.
 13876 | D:9      | Learned a level 3 spell: Call Canine Familiar
 13881 | D:9      | Learned a level 4 spell: Summon Lightning Spire
 13992 | D:9      | Killed Joseph
 14042 | D:10     | Entered Level 10 of the Dungeon
 14050 | D:10     | Reached skill level 1 in Summonings
 14050 | D:10     | Reached skill level 1 in Air Magic
 14052 | D:10     | Gained mutation: One of your tentacles bears a spike.
                  | [evolution]
 14167 | D:10     | Reached skill level 1 in Spellcasting
 14180 | D:10     | Noticed Harold
 14396 | D:10     | Noticed Erolcha
 14619 | D:3      | Killed Garbasso's ghost
 14820 | Lair:1   | Entered Level 1 of the Lair of Beasts
 14870 | Lair:1   | Noticed a spiny frog
 14886 | Lair:1   | Killed a spiny frog
 14886 | Lair:1   | Reached XP level 11. HP: 33/82 MP: 14/14
 15123 | Lair:1   | Reached *** piety under Hepliaklqana
 15208 | Lair:1   | Found a labyrinth entrance.
 15226 | Lab      | Entered a labyrinth
 15729 | Lab      | Noticed a minotaur
 16317 | Lab      | HP: 6/123 [minotaur/+1 war axe of flaming (13)]
 16318 | Lab      | Killed a minotaur
 16708 | Lab      | Identified the Collected Works on Fire
 16709 | Lab      | Got a serpentine steel ring
 16724 | Lair:1   | Identified the ring "Wam Ynk" {rElec rPois rF+ MR- Dex+4}
                  | (You found it in a labyrinth)
 16810 | Lair:1   | Gained mutation: Scrolls take you a little longer to read.
                  | [evolution]
 16838 | Lair:1   | Learned a level 4 spell: Animate Dead
 17064 | Lair:1   | Reached skill level 1 in Shields
 17701 | Lair:2   | Reached **** piety under Hepliaklqana
 17737 | Lair:2   | Noticed an oklob plant
 17869 | Lair:2   | Found a frozen archway.
 17895 | IceCv    | Entered an ice cave
 18363 | IceCv    | Noticed a white ugly thing
 18384 | IceCv    | Killed a white ugly thing
 19078 | IceCv    | Gained mutation: One of your tentacles bears a nasty spike.
                  | [evolution]
 19280 | IceCv    | Noticed a white ugly thing
 19302 | IceCv    | Killed a white ugly thing
 19333 | IceCv    | Got a scintillating pewter ring
 19376 | IceCv    | Identified the ring "Hetoi" {rC+ Dex+2} (You found it in an
                  | ice cave)
 19398 | Lair:2   | Reached XP level 12. HP: 88/88 MP: 17/17
 19535 | Lair:2   | Reached skill level 5 in Shields
 19612 | Lair:2   | Reached skill level 5 in Summonings
 19785 | Lair:2   | Reached skill level 5 in Air Magic
 19795 | Lair:2   | Learned a level 5 spell: Borgnjor's Vile Clutch
 21141 | Lair:2   | Reached skill level 5 in Spellcasting
 22586 | Lair:3   | Lost mutation: One of your tentacles bears a nasty spike.
                  | [evolution]
 22854 | Lair:3   | Noticed a death yak
 22913 | Lair:3   | Reached XP level 13. HP: 67/93 MP: 22/22
 23126 | Lair:3   | Found a staircase to the Swamp.
 23343 | Lair:3   | Reached skill level 10 in Shields
 24550 | Lair:4   | Reached ***** piety under Hepliaklqana
 24978 | Lair:4   | Found a hole to the Spider Nest.
 25490 | Lair:5   | Noticed Kirke
 25496 | Lair:5   | Noticed a sphinx
 25502 | Lair:5   | Killed Kirke
 26346 | Lair:5   | Found a viscous altar of Jiyva.
 26353 | Lair:5   | Found a staircase to the Slime Pits.
 26795 | Lair:5   | Learned a level 5 spell: Silence
 26796 | Lair:6   | Entered Level 6 of the Lair of Beasts
 26814 | Lair:5   | Reached XP level 14. HP: 89/99 MP: 23/23
 26956 | Lair:6   | Reached skill level 1 in Hexes
 27675 | Lair:6   | Gained mutation: You are resistant to hostile enchantments.
                  | (MR+) [evolution]
 28195 | Lair:6   | Noticed a dire elephant
 28211 | Lair:6   | Killed a dire elephant
 28212 | Lair:6   | Noticed a dire elephant
 28366 | Lair:6   | Noticed a dire elephant
 28402 | Lair:6   | Killed a dire elephant
 29114 | Lair:6   | Killed a dire elephant
 29533 | Lair:6   | Noticed a dire elephant
 29533 | Lair:6   | Noticed a dire elephant
 29688 | D:10     | Killed Harold
 30203 | D:10     | Killed Erolcha
 30316 | D:10     | Reached skill level 11 in Fighting
 30443 | D:10     | Found a staircase to the Orcish Mines.
 30609 | D:10     | Reached ****** piety under Hepliaklqana
 30678 | D:11     | You fall through a shaft for 3 floors!
 30873 | D:14     | Found a flickering gateway to a bazaar.
 30879 | Bazaar   | Entered a bazaar
 30894 | Bazaar   | Found Xifel's Book Shoppe.
 30924 | Bazaar   | Found Neutixae's Book Boutique.
 30960 | Bazaar   | Found Iggosya's Magic Scroll Shoppe.
 31009 | Bazaar   | Found Pijuusm's Book Shoppe.
 31203 | Bazaar   | Bought a book of Necromancy for 330 gold pieces
 31244 | Bazaar   | Bought a scroll of teleportation for 33 gold pieces
 31244 | Bazaar   | Bought a scroll of teleportation for 33 gold pieces
 31244 | Bazaar   | Bought a scroll of teleportation for 33 gold pieces
 31244 | Bazaar   | Bought a scroll of blinking for 82 gold pieces
 31294 | Bazaar   | Bought a book of Summonings for 490 gold pieces
 31358 | D:14     | Learned a level 1 spell: Animate Skeleton
 31362 | D:14     | Learned a level 3 spell: Regeneration
 31436 | D:14     | Lost mutation: Scrolls take you a little longer to read.
                  | [evolution]
 31822 | D:14     | Found a gate to the Vaults.
 31832 | D:14     | Reached skill level 1 in Necromancy
 32489 | D:14     | Noticed Azrael
 32509 | D:14     | Killed Azrael
 32509 | D:14     | Reached XP level 15. HP: 85/107 MP: 24/24
 33179 | D:14     | Found a radiant altar of Vehumet.
 33534 | D:14     | Gained mutation: One of your tentacles bears a nasty spike.
                  | [evolution]
 33534 | D:14     | Lost mutation: You evolve. [end of evolution]
 33817 | D:14     | Learned a level 5 spell: Summon Forest
 34140 | D:13     | Reached skill level 1 in Charms
 34600 | D:13     | Identified a scroll of acquirement
 34686 | D:13     | Found Hefes's Antique Armour Shoppe.
 34814 | D:13     | Reached skill level 5 in Hexes
 35141 | D:12     | Found Bafisyuss's Jewellery Shoppe.
 35154 | D:12     | Found a glowing golden altar of the Shining One.
 35752 | D:11     | Reached skill level 10 in Maces & Flails
 35809 | D:11     | Noticed Josephine
 35846 | D:11     | Killed Josephine
 36263 | D:11     | Found a runed gate.
 36263 | D:11     | Found a runed gate.
 36263 | D:11     | Found a runed gate.
 36269 | D:11     | Noticed Thaneod's ghost (journeyman DEIE)
 37095 | D:11     | Killed Thaneod's ghost
 37231 | D:15     | Entered Level 15 of the Dungeon
 37648 | D:15     | Reached skill level 12 in Fighting
 37713 | D:15     | Found a sparkling altar of Nemelex Xobeh.
 37756 | D:15     | Reached skill level 15 in Shields
 37898 | D:15     | Noticed Rupert
 37910 | D:15     | Killed Rupert
 37910 | D:15     | Reached XP level 16. HP: 114/114 MP: 18/25
 38320 | D:15     | Found a staircase to the Depths.
 38740 | D:15     | Found a sparkling altar of Nemelex Xobeh.
 38947 | D:15     | Found a staircase to the Depths.
 39559 | D:9      | Killed XanderDroid's ghost
 39715 | Orc:1    | Entered Level 1 of the Orcish Mines
 40103 | Orc:1    | Learned a level 2 spell: Blink
 40104 | Orc:2    | Entered Level 2 of the Orcish Mines
 40721 | Orc:2    | Found a staircase to the Elven Halls.
 40869 | Orc:2    | Found a roughly hewn altar of Beogh.
 40869 | Orc:2    | Found Wanaesas's Jewellery Emporium.
 40894 | Orc:2    | Bought an uncursed ring of see invisible for 225 gold
                  | pieces
 40996 | Orc:2    | Reached skill level 1 in Translocations
 41348 | Orc:2    | Found a roughly hewn altar of Beogh.
 41594 | Orc:2    | Found a roughly hewn altar of Beogh.
 41594 | Orc:2    | Found Badi's Antique Weapon Shoppe.
 41653 | Orc:2    | Found Anwutusa's Antique Armour Emporium.
 41883 | Orc:2    | Found a roughly hewn altar of Beogh.
 41899 | Orc:2    | Found Poluogge's General Store.
 41908 | Orc:2    | Bought a potion of heal wounds for 75 gold pieces
 42277 | Orc:1    | Found a runed door.
 42318 | Orc:1    | Noticed melvinkitnick's ghost (journeyman DDFi)
 42322 | Orc:1    | Identified the ring "Rorypik" {Str+3 Int+3} (You acquired
                  | it on level 1 of the Orcish Mines)
 42324 | Orc:1    | Identified the ring of Baduaggi {rCorr -Tele rC+ Str+3
                  | SInv} (You acquired it on level 1 of the Orcish Mines)
 42478 | D:12     | Bought the ring of Satisfaction {*Corrode +Fly Int+2 Dex+9}
                  | for 448 gold pieces
 42654 | Spider:1 | Entered Level 1 of the Spider Nest
 42762 | Spider:1 | Found a runed door.
 42785 | Spider:1 | Reached skill level 5 in Evocations
 42789 | Spider:1 | Noticed Zuproetha's ghost (adept DsWn)
 43021 | Spider:1 | Killed Zuproetha's ghost
 43435 | Spider:1 | Got a translucent garnet amulet
 43658 | Spider:1 | Identified the amulet of the Endless Expanse {+Rage Int+3}
                  | (You found it on level 1 of the Spider Nest)
 43659 | Spider:1 | Identified the cursed +1 trident of Beogh's Indignation
                  | {pierce, rF- MR- Str+7 Dex+3} (You found it on level 1 of
                  | the Spider Nest)
 45469 | Spider:2 | Reached XP level 17. HP: 106/121 MP: 23/27
 46432 | Spider:3 | Reached skill level 5 in Charms
 46697 | Spider:3 | Found a runed door.
 46700 | Spider:3 | Found a shimmering altar of Xom.
 46700 | Spider:3 | Noticed Kirum's ghost (adept NaWn)
 47562 | Spider:4 | Entered Level 4 of the Spider Nest
 47746 | Spider:4 | Noticed Arachne
 47773 | Spider:4 | Killed Arachne
 47773 | Spider:4 | Reached skill level 13 in Fighting
 48956 | Spider:4 | Found a runed door.
 48956 | Spider:4 | Noticed Ves Hask's ghost (adept GnBe)
 49071 | Spider:4 | Got a gossamer rune of Zot
 49182 | Spider:4 | Killed Ves Hask's ghost
 49554 | Swamp:1  | Entered Level 1 of the Swamp
 49904 | Swamp:1  | Learned a level 4 spell: Passage of Golubria
 50052 | Swamp:1  | Reached XP level 18. HP: 129/129 MP: 30/30
 50123 | Swamp:1  | Found a glowing silver altar of Zin.
 52319 | Swamp:3  | Reached skill level 14 in Fighting
 52880 | Swamp:3  | Found a white marble altar of Elyvilon.
 54451 | Swamp:4  | Entered Level 4 of the Swamp
 54752 | Swamp:4  | Identified the Grimoire of Cloudy Toxins
 55122 | Swamp:4  | Noticed the 27-headed Lernaean hydra
 55125 | Swamp:4  | Killed the 27-headed Lernaean hydra
 55158 | Swamp:4  | Got a decaying rune of Zot
 55349 | Swamp:4  | Learned a level 5 spell: Aura of Abjuration
 55636 | Elf:1    | Entered Level 1 of the Elven Halls
 56311 | Elf:1    | Reached skill level 10 in Evocations
 57272 | Elf:1    | Reached skill level 15 in Fighting
 57275 | Elf:1    | Reached XP level 19. HP: 139/139 MP: 27/32
 57296 | Elf:1    | Identified the Catalogue of Evil
 57495 | Elf:1    | Learned a level 2 spell: Swiftness
 57589 | Orc:2    | Bought a scroll of amnesia for 52 gold pieces
 57891 | Elf:2    | Found a runed gate.
 57891 | Elf:2    | Found a runed gate.
 57893 | Elf:2    | Found a runed gate.
 59158 | Elf:3    | Entered Level 3 of the Elven Halls
 59357 | Elf:3    | Noticed Nikola
 59373 | Elf:3    | Killed Nikola
 60118 | Elf:3    | Identified the cursed +3 trident of Eborint {pierce, MP+9}
 60410 | Elf:3    | Noticed Louise
 60428 | Elf:3    | Killed Louise
 60990 | Elf:3    | Identified the ring of Joy {rPois rF- Dex+5}
 61114 | Elf:3    | Identified the ring "Nelexzer" {*Drain Str+9 Dex+3 Stlth+}
 61279 | Elf:3    | Identified the amulet of Hathyg {Gourm Fragile rF+ Dex+8}
 61469 | Elf:3    | Identified the +8 bardiche of Midsummer {vamp, rF+ Int+5
                  | Dex+6}
 61488 | Elf:3    | Reached skill level 16 in Fighting
 61549 | Elf:3    | Identified the +2 flail of Wrongful Imprisonment {chaos,
                  | Str+9 Int+2}
 61549 | Elf:3    | Identified the +0 scale mail of Xeudghuf {Slay+3}
 61586 | Elf:3    | Reached XP level 20. HP: 147/147 MP: 33/33
 61735 | Elf:3    | Identified the Compendium of the Bruised Spreadsheets
 61764 | Elf:3    | Identified Ivosaodi's Guide on Bewitching Feathers
 61924 | Elf:3    | Found Kemouwn's Gadget Boutique.
 61924 | Elf:3    | Found Gaump's Jewellery Emporium.
 61925 | Elf:3    | Found Zoefuijun's Jewellery Emporium.
 61936 | Elf:3    | Bought a wand of paralysis (8) for 110 gold pieces
 61936 | Elf:3    | Bought a wand of paralysis (7) for 99 gold pieces
 61936 | Elf:3    | Bought a wand of iceblast (12) for 176 gold pieces
 62327 | Orc:1    | Killed melvinkitnick's ghost
 62772 | Depths:1 | Entered Level 1 of the Depths
 62810 | Depths:1 | Reached skill level 10 in Spellcasting
 62939 | Depths:1 | Found Ytzuetea's Book Emporium.
 63027 | Depths:1 | Found a runed gate.
 63027 | Depths:1 | Found a runed gate.
 63027 | Depths:1 | Found a runed gate.
 63027 | Depths:1 | Noticed a caustic shrike
 63028 | Depths:1 | Noticed Zaemn's ghost (veteran GnEE)
 63034 | Depths:1 | Found Atwuskat's Antique Weapon Emporium.
 63219 | Depths:1 | Found Utaodith's Antique Weapon Shop.
 63423 | Depths:1 | Found a gateway to Hell.
 63570 | Depths:1 | Bought a warped flail for 314 gold pieces
 63570 | Depths:1 | Bought an encrusted spear for 296 gold pieces
 63570 | Depths:1 | Identified the cursed +0 spear of Fortitude {venom, +Fly
                  | Str+2 Int+3} (You bought it in a shop on level 1 of the
                  | Depths)
 63571 | Depths:1 | Identified the +6 flail "Niggewedghob" {pain, rPois rC+++
                  | Int+5} (You bought it in a shop on level 1 of the Depths)
 63894 | Depths:2 | Noticed Margery
 63920 | Depths:2 | Killed Margery
 64178 | Depths:2 | Found a corrupted altar of Lugonu.
 64178 | Depths:2 | Found a one-way gate to the infinite horrors of the Abyss.
 64200 | Depths:2 | Reached skill level 15 in Dodging
 64479 | Depths:2 | Reached skill level 17 in Fighting
 64619 | Depths:2 | Found a runed door.
 64619 | Depths:2 | Found a runed door.
 65097 | Depths:2 | Noticed a golden dragon
 65098 | Depths:2 | Found the +2 shield of Resistance {rF+ rC+ MR+}
 65125 | Depths:2 | Killed a golden dragon
 65125 | Depths:2 | Reached XP level 21. HP: 60/156 MP: 25/35
 65602 | Depths:2 | Identified the ring of the Twelve Deaths {+Fly MR+} (You
                  | found it on level 2 of the Depths)
 66248 | Depths:3 | Found a one-way gate leading to the halls of Pandemonium.
 66582 | Depths:3 | Reached skill level 18 in Fighting
 66882 | Depths:3 | Noticed an ancient lich
 66893 | Depths:3 | Killed an ancient lich
 66929 | Depths:3 | Identified Koemeom's Guide on Hurtful Feathers
 67097 | Depths:3 | Noticed Sojobo
 67111 | Depths:3 | Killed Sojobo
 67403 | Depths:3 | Found a gateway to a ziggurat.
 67894 | Depths:3 | Reached skill level 10 in Summonings
 68993 | Depths:4 | Reached XP level 22. HP: 164/167 MP: 36/36
 69080 | Depths:4 | Noticed a greater mummy
 69091 | Depths:4 | Killed a greater mummy
 69091 | Depths:4 | Reached skill level 19 in Fighting
 69305 | Depths:4 | Identified the ring "Enled" {-Tele rPois MR+ AC+4 Str+2}
                  | (You acquired it on level 4 of the Depths)
 69646 | Depths:5 | Entered Level 5 of the Depths
 69655 | Depths:5 | Noticed Jory
 69663 | Depths:5 | Killed Jory
 69936 | Depths:5 | Noticed a juggernaut
 70299 | Depths:4 | Learned a level 6 spell: Shadow Creatures
 70513 | Depths:5 | Found Deiverou's Magic Scroll Shoppe.
 70570 | Depths:5 | Killed a juggernaut
 70589 | Depths:5 | Killed from afar by a black draconian

Vault maps used:
D:1:      tarquinn_simple_flora_water_b
D:2:      first_ration, chequers_ecumenical_altar_simple, uniq_terence,
          uniq_natasha, uniq_jessica
D:3:      biasface_ghost_orc_armoury
D:4:      nicolae_overflow_hidden_temple
D:5:      nicolae_overflow_crystal_walls
D:6:      minmay_temple_entry_grid
D:7:      elyvilon_altar_5, minmay_overflow_temple_star_quad
D:8:      basic_altar, serial_undead, serial_undead_f, serial_undead_d,
          serial_undead_d, serial_undead_c
D:9:      kennysheep_spiral_hall, minmay_lair_entry_grove,
          ebering_ghost_inner_flame, blue_anna_alchemist, chequers_avenue,
          chequers_serial_rivers_small_b, nicolae_dithmenos_the_darkroom,
          uniq_joseph
D:10:     erik_orc_3, interstate_on_off, uniq_erolcha, uniq_harold
D:11:     gammafunk_ghost_necromancy, uniq_josephine
D:12:     serial_shops, shop_statue, serial_ice, serial_ice_o, serial_ice_e,
          serial_ice_l, serial_ice_d, serial_ice_c, serial_ice_m,
          minmay_crystal_room, lemuel_tele_altar
D:13:     serial_shops, shop_fountains, nicolae_two_hexagons,
          grunt_ministairs_12, hangedman_decor_riveting
D:14:     erik_vaults_2, serial_shops, bzr_entry_road, basic_altar,
          minmay_misc_feat_roman, uniq_azrael
D:15:     grunt_enter_depths_magical_seal, hangedman_abyss_or_decor_stagger,
          serial_glass, glass_columns_a, glass_columns_b,
          nemelex_xobeh_ov_fountains_minmay, uniq_rupert
Temple:   regret_index_temple_sphere_string
Lair:1:   lab_entry_generic
Lair:2:   hangedman_what_comes_after_a, portal_ice_cave_rime
Lair:3:   swamp_mist_pool
Lair:4:   spider_nest_entry_a, forest_entry_grove, serial_bayou_shore_a,
          grunt_megastairs_5
Lair:5:   slime_altar_1, wad_woods_01, uniq_kirke
Lair:6:   due_jungle_book
Swamp:1:  hangedman_swamp_ruin_wall, nicolae_swamp_feature_on_the_river_bank,
          infiniplex_staircase_pool
Swamp:2:  evilmike_swamp_ruin_house_4, swamp_pool1,
          nicolae_swamp_orc_logging_accident, infiniplex_staircase_pool_2
Swamp:3:  nicolae_swamp_godswood
Swamp:4:  swamp_old_school, hangedman_swamp_blocks
Spider:1: ebering_ghost_reflecting_pool
Spider:3: ebering_ghost_xom
Spider:4: spider_rune_water, gammafunk_ghost_grave, spiders_nest_hornet_nest,
          uniq_arachne
Orc:1:    ebering_ghost_reflecting_pool
Orc:2:    grunt_orc_community_town_hall, grunt_orc_community_big_house_1,
          grunt_orc_community_big_house_2, grunt_orc_community_house_2,
          grunt_orc_community_house_1, grunt_orc_community_house_3,
          grunt_orc_community_house_3
Elf:1:    eino_elf_arrival_shootout, minmay_elf_necromancy, minivault_23,
          st_stairs_9, grunt_ministairs_10, hex_medium,
          minmay_misc_feat_diagonals
Elf:2:    fake_guardian_serpent_vault
Elf:3:    minmay_elf_hall_spiked, minmay_shop_grove, uniq_nikola, uniq_louise
Depths:1: pf_hell_entry_tar_spiral, kennysheep_boxes, gammafunk_ghost_split,
          serial_shops, shop_fountains, shop, nicolae_shop_trees,
          grunt_ministairs_6, lightli_corner_chamber, serial_bayou_shore_b
Depths:2: minmay_the_grid_triangle_9x9_rhombus_full, minivault_11,
          abyss_entry_flame_altar, grunt_metal_band,
          chequers_serial_rivers_micro_c, minmay_misc_feat_encased,
          patterned_corridor
Depths:3: constructs_gauntlet_mu_hangedman, enter_ziggurat_a,
          grunt_pan_entry_zigzag, hell_entry, abyss_entry, uniq_sojobo
Depths:4: lemuel_minitomb, hell_entry, minmay_room_of_horrors,
          nicolae_lava_and_water, rand_demon_pan_entry_1,
          minmay_staircase_bubble
Depths:5: evilmike_zot_entry_basic, pf_vacation_house_of_asmodeus, serial_shops,
          shop, minmay_hedge_maze, uniq_jory, uniq_enchantress
Lab:      labyrinth_mini_lab, nicolae_lab_dead_end, nicolae_lab_plus
Bazaar:   bazaar_minmay_generic_d
IceCv:    ice_cave_statue_garden_chambered

Skill      XL: |  1  2  3  4  5  6  7  8  9 10 11 12 13 14 15 16 17 18 19 20 21 22 |
---------------+-------------------------------------------------------------------+-----
Dodging        | 1 2 3 4 5 6 8 9 10 11 12 13 14 15 16 | 16.6
Maces & Flails | 1 2 4 6 7 8 9 11 12 13 14 | 14.7
Evocations     | 1 2 6 8 10 11 12 | 12.0
Fighting       | 6 9 10 11 12 13 15 16 17 18 19 | 19.5
Invocations    | 2 4 |  4.0
Summonings     | 2 4 5 6 9 10 | 10.2
Air Magic      | 2 4 5 6 7 |  7.0
Spellcasting   | 1 3 6 7 8 9 10 | 10.9
Shields        | 4 9 13 14 15 | 15.0
Hexes          | 4 5 |  5.0
Necromancy     | 2 4 |  4.0
Charms         | 2 4 5 |  5.0
Translocations | 2 3 4 |  4.0
Throwing       | |  1.0
Stealth        | |  2.6
Unarmed Combat | |  2.0

Action                   |  1- 3 |  4- 6 |  7- 9 | 10-12 | 13-15 | 16-18 | 19-21 | 22-24 || total
-------------------------+-------+-------+-------+-------+-------+-------+-------+-------++-------
Melee: Club              |     8 |       |       |       |       |       |       |       ||     8
       Unarmed           |    41 |       |       |       |       |       |       |       ||    41
       Constrict         |    12 |    32 |    43 |    69 |   164 |   243 |   135 |     9 ||   707
       Tentacles         |    10 |    29 |    35 |   103 |   342 |   492 |   466 |    92 ||  1569
       Punch             |     2 |     1 |     1 |     7 |    24 |    31 |    31 |     8 ||   105
       Mace              |    11 |   102 |       |       |       |       |       |       ||   113
       Flail             |       |    46 |   168 |       |       |       |       |       ||   214
       Morningstar       |       |       |    36 |   470 |  1175 |  1425 |   994 |   197 ||  4297
       Kick              |       |       |       |   139 |   490 |   760 |   697 |   139 ||  2225
       Dire flail        |       |       |       |    23 |       |       |       |       ||    23
Throw: Stone             |       |     2 |     2 |       |       |       |       |       ||     4
       Throwing net      |       |       |       |       |     3 |       |       |       ||     3
 Cast: Summon Lightning  |       |       |       |    28 |    43 |    35 |       |       ||   106
       Call Canine Famil |       |       |       |    15 |     8 |       |       |       ||    23
       Animate Skeleton  |       |       |       |       |    25 |    22 |     7 |     3 ||    57
       Regeneration      |       |       |       |       |     8 |    38 |    29 |     6 ||    81
       Silence           |       |       |       |       |     1 |     9 |    31 |     2 ||    43
       Animate Dead      |       |       |       |       |       |    45 |    13 |     2 ||    60
       Summon Forest     |       |       |       |       |       |    11 |     7 |     4 ||    22
       Shadow Creatures  |       |       |       |       |       |       |       |     3 ||     3
Invok: Recall Ancestor   |       |       |     3 |     5 |     9 |    15 |     6 |     1 ||    39
       Ancestor Life: Kn |       |       |     1 |       |       |       |       |       ||     1
       Ancestor Identity |       |       |     1 |       |       |       |       |       ||     1
       Idealise          |       |       |       |     1 |     5 |     3 |     2 |       ||    11
 Abil: Evoke Flight      |       |       |       |       |       |       |     1 |       ||     1
Evoke: Wand              |       |       |    13 |    34 |    18 |    13 |     5 |       ||    83
       Fan of gales      |       |       |       |     1 |       |       |       |       ||     1
       Lightning rod     |       |       |       |       |     5 |     1 |       |       ||     6
       Sack of spiders   |       |       |       |       |       |     1 |       |       ||     1
       Phantom mirror    |       |       |       |       |       |     1 |       |       ||     1
  Use: Potion            |       |    11 |     2 |    11 |     1 |     5 |       |       ||    30
       Scroll            |       |     7 |     1 |    15 |    14 |    20 |     7 |     2 ||    66
 Stab: Sleeping          |     2 |    15 |     4 |    12 |    22 |    37 |    20 |     3 ||   115
       Distracted        |       |       |     6 |     9 |    24 |    34 |    26 |     8 ||   107
       Paralysed         |       |       |       |    18 |    11 |     3 |     1 |       ||    33
  Eat: Chunk             |     1 |    11 |    13 |    22 |    34 |    30 |    42 |     8 ||   161
       Ration            |       |     1 |     2 |     6 |     7 |    13 |     3 |       ||    32
Armor: Skin              |     3 |     8 |    16 |    38 |    88 |    99 |    51 |     5 ||   308
Dodge: Dodged            |    31 |   110 |   187 |   536 |   793 |  1053 |   555 |   131 ||  3396
Block: Shield            |       |       |       |    92 |   979 |  1271 |   812 |   189 ||  3343

Table legend:
 A = Non-vault XP
 B = Vault XP
 C = Vault XP percentage of total XP
 D = Non-vault monster count
 E = Vault monster count
 F = Vault count percentage of total count
                 A         B        C        D         E       F
            +---------+---------+-------+---------+---------+-------
      Total |  376400 |  283862 |  43.0 |    1081 |     528 |  32.8
            +---------+---------+-------+---------+---------+-------
        D:1 |      44 |       0 |   0.0 |      21 |       0 |   0.0
        D:2 |     152 |     108 |  41.5 |      16 |       3 |  15.8
        D:3 |     180 |     197 |  52.3 |      15 |       8 |  34.8
        D:4 |      39 |       0 |   0.0 |       7 |       0 |   0.0
        D:5 |     595 |       0 |   0.0 |      19 |       0 |   0.0
        D:6 |     607 |       0 |   0.0 |       9 |       0 |   0.0
        D:7 |     724 |       0 |   0.0 |      18 |       0 |   0.0
        D:8 |     764 |     989 |  56.4 |      14 |      11 |  44.0
        D:9 |    1502 |    3603 |  70.6 |      30 |      18 |  37.5
       D:10 |    3239 |    2597 |  44.5 |      27 |      21 |  43.8
       D:11 |    6827 |    3004 |  30.6 |      35 |      11 |  23.9
       D:12 |    6344 |     574 |   8.3 |      37 |       6 |  14.0
       D:13 |    9136 |    4239 |  31.7 |      35 |       6 |  14.6
       D:14 |   14569 |    5460 |  27.3 |      49 |      11 |  18.3
       D:15 |    9716 |    6694 |  40.8 |      30 |      11 |  26.8
     Lair:1 |    2764 |       0 |   0.0 |      14 |       0 |   0.0
     Lair:2 |    5375 |    9166 |  63.0 |      24 |      59 |  71.1
     Lair:3 |    3545 |      37 |   1.0 |      16 |       1 |   5.9
     Lair:4 |    7923 |    2348 |  22.9 |      39 |      13 |  25.0
     Lair:5 |    6108 |    3846 |  38.6 |      27 |       9 |  25.0
     Lair:6 |    9924 |    2634 |  21.0 |      28 |       5 |  15.2
    Swamp:1 |    8901 |       0 |   0.0 |      18 |       0 |   0.0
    Swamp:2 |   12812 |       0 |   0.0 |      27 |       0 |   0.0
    Swamp:3 |   11601 |       0 |   0.0 |      35 |       0 |   0.0
    Swamp:4 |    6716 |   14067 |  67.7 |      27 |      23 |  46.0
   Spider:1 |   18578 |    1521 |   7.6 |      51 |       1 |   1.9
   Spider:2 |   14753 |       0 |   0.0 |      38 |       0 |   0.0
   Spider:3 |   15357 |       0 |   0.0 |      47 |       0 |   0.0
   Spider:4 |    9492 |   22842 |  70.6 |      30 |      45 |  60.0
      Orc:1 |    6273 |    1662 |  20.9 |      44 |       1 |   2.2
      Orc:2 |    3050 |    5984 |  66.2 |      25 |      63 |  71.6
      Elf:1 |   16356 |   10143 |  38.3 |      31 |      21 |  40.4
      Elf:2 |    2446 |   21102 |  89.6 |       4 |      28 |  87.5
      Elf:3 |   12667 |   50646 |  80.0 |      17 |      35 |  67.3
   Depths:1 |   22731 |     355 |   1.5 |      31 |       1 |   3.1
   Depths:2 |   23706 |   46505 |  66.2 |      32 |      41 |  56.2
   Depths:3 |   37576 |   34380 |  47.8 |      45 |      24 |  34.8
   Depths:4 |   41076 |   16444 |  28.6 |      45 |      36 |  44.4
   Depths:5 |   22232 |    8349 |  27.3 |      24 |       4 |  14.3
        Lab |       0 |    1128 | 100.0 |       0 |       1 | 100.0
      IceCv |       0 |    3238 | 100.0 |       0 |      11 | 100.0
            +---------+---------+-------+---------+---------+-------
